[Event "Late-Titled-Tuesday-Blitz-June-18-2024"]
[Site "Chess.com"]
[Date "2024.06.18"]
[Round "2"]
[White "Goryachkina"]
[Black "laskakid"]
[Result "1-0"]
[WhiteElo "2666"]
[BlackElo "2378"]
[TimeControl "180+1"]
[EndTime "14:19:58 PDT"]
[Termination "Goryachkina won on time"]

1. e4 d6 2. d4 Nf6 3. Nc3 e5 4.
Nf3 Nbd7 5. Bc4 Be7 6. O-O O-O 7. a4 c6 8. Re1 h6 9. h3 Re8 10. Be3 exd4 11. Bxd4 Nf8 12. Qd2 Be6 13. Bxe6 Nxe6 14. Rad1 Nxd4 15. Nxd4 Bf8 16. Nf5 Qb6 17. b3 Rad8 18. Qf4 Re6 19. Re3 Qb4 20. Qh4 Rde8 21. Rd4 Qc5 22. Rdd3 Nxe4 23. Nxe4 Qxf5 24. Ng3 Qg5 25.
Qxg5 hxg5 26. Rxe6 Rxe6 27. Kf1 g6 28. c4 f5 29. f3 Kf7 30. Ne2 Bg7 31. Kf2 Ke7 32.
b4 a6 33. Nc1 Re5 34. Nb3 b6 35. Nd4 Kd7 36. b5 axb5 37. axb5 c5 38. Nc2 Re8 39. g3 Ra8 40. Ra3 Rxa3 41. Nxa3 Bd4+ 42. Ke2 Ke6 43. g4 d5 44. Kd3 dxc4+ 45. Nxc4 fxg4 46. fxg4 Kd7 47. Nxb6+ Kc7 48. Nc4 Kb7 49. Ke4 Bf2 50. Kd5 Bd4 51. Ke6 Bf2 52. Kf6 Bh4 53. Kxg6 Kc7 54.
Kf5 Kb7 55. Ke5 Bf2 56. Kd5 Bd4 57. Nd6+ Kb6 58. Kc4 Ka5 59. Ne4 Kb6 60. Nxg5 Be3 61. Ne6 1-0

[Event "Late-Titled-Tuesday-Blitz-June-18-2024"]
[Site "Chess.com"]
[Date "2024.06.18"]
[Round "2"]
[White "dosto07"]
[Black "ChristopherYoo"]
[Result "0-1"]
[WhiteElo "2621"]
[BlackElo "3003"]
[TimeControl "180+1"]
[EndTime "14:19:59 PDT"]
[Termination "ChristopherYoo won by resignation"]

1. e4 Nc6 2. Nf3 e5 3. Bb5 a6 4.
Ba4 d6 5. Bxc6+ bxc6 6. d4 exd4 7.
Nxd4 c5 8. Ne2 Nf6 9. Nbc3 Be7 10. O-O O-O 11. f3 Bb7 12. Ng3 g6 13. Bh6 Re8 14.
Qd2 Qd7 15. Nf5 Bd8 16. Ne3 Kh8 17. Rad1 Ng8 18. Bf4 Bf6 19. Ned5 Bg7 20. Rfe1 Rad8 21. Bg5 f6 22. Bf4 g5 23. Bg3 Nh6 24. h3 Nf7 25. Ne3 Nh6 26. Ned5 Rg8 27. Kh2 Rde8 28. Ne3 f5 29. exf5 Nxf5 30. Nxf5 Qxf5 31. Rxe8 Rxe8 32.
Nd5 Bxd5 33. Qxd5 Qxd5 34. Rxd5 h6 35. Rd3 Re2 36. Ra3 Rxc2 37. Rxa6 Rxb2 38. Rc6 Rb7 39. a4 Ra7 40. h4 gxh4 41. Bxh4 Rxa4 42. Bd8 Ra8 43. Be7 Ra7 44. Bd8 Be5+ 45. Kh3 Ra8 46. Be7 Rg8 47. g4 h5 48. g5 Kh7 49. Rxc7 Kg6 50. Rd7 Kf5 51. Bxd6 Ke6 52. Bxe5 Kxd7 53. f4 Ke6 54. Kh4 Kf5 55. Bc3 Kxf4 56. Bf6 Kf5 57.
Kg3 Rg6 58. Kh4 Rxf6 59. gxf6 Kxf6 60. Kxh5 c4 61. Kg4 c3 62. Kf3 c2 63. Ke2 c1=Q 64.
Kd3 Ke5 65. Ke2 Ke4 0-1

[Event "Late-Titled-Tuesday-Blitz-June-18-2024"]
[Site "Chess.com"]
[Date "2024.06.18"]
[Round "2"]
[White "lukas_111111"]
[Black "Polish_fighter3000"]
[Result "0-1"]
[WhiteElo "2641"]
[BlackElo "3084"]
[TimeControl "180+1"]
[EndTime "14:20:00 PDT"]
[Termination "Polish_fighter3000 won by resignation"]

1. b3 e5 2. Bb2 Nc6 3. c4 Nge7 4.
Nc3 d5 5. cxd5 Nxd5 6. Nxd5 Qxd5 7. e3 Be7 8. Nf3 Bf6 9. Bc4 Qd6 10. Bb5 O-O 11.
O-O Bg4 12. h3 Bxf3 13. gxf3 Rfd8 14. Bc3 Ne7 15. Qc2 c6 16. Be2 g6 17. Rad1 Nf5 18.
Qe4 Re8 19. Kh1 Rad8 20. Rg1 Nd4 21. Bc4 Bg7 22. Rg3 b5 23. Bf1 f5 24. Qh4 f4 25.
Rg2 Nxf3 26. Qg4 e4 27. Bxg7 Kxg7 28. exf4 Qf6 29. f5 Nh4 30. fxg6 Nxg2 31. gxh7+ Qg6 32.
Bxg2 Qxg4 33. hxg4 Kxh7 34. Kg1 Kg6 35. Re1 Kg5 36.
Re2 Kxg4 37. Bxe4 Kf4 38. f3 c5 39. Kf2 c4 40. bxc4 bxc4 41. Kg2 Rg8+ 42. Kf2 Rd6 43. Bc2 Rd4 44. Be4 Rgd8 45. Ke1 Rh8 46. Rg2 Rh1+ 47. Ke2 Ra1 48. Rg4+ Ke5 49. Rg5+ Kf6 50. Rg6+ Kf7 51. Ra6 Rd7 52. Ra4 Rc1 53. Ra6 Ke7 54. Ke3 Re1+ 55.
Kf4 Rxd2 56. Ke5 c3 57. Rxa7+ Rd7 58. Ra6 c2 59. Re6+ Kd8 60. Rc6 c1=Q 61. Rxc1 Rxc1 0-1

[Event "Late-Titled-Tuesday-Blitz-June-18-2024"]
[Site "Chess.com"]
[Date "2024.06.18"]
[Round "2"]
[White "AleksandraMilovic"]
[Black "SharathRk6"]
[Result "0-1"]
[WhiteElo "2030"]
[BlackElo "2440"]
[TimeControl "180+1"]
[EndTime "14:20:00 PDT"]
[Termination "SharathRk6 won by resignation"]

1. e4 e5 2. Nf3 Nc6 3. Bb5 a6 4. Ba4 Nf6 5. O-O b5 6. Bb3 Bc5 7. d3 d6 8. c3 O-O 9. Nbd2 h6 10. Re1 Be6 11. Nf1 d5 12. exd5 Nxd5 13. Nxe5 Nxe5 14. Rxe5 Bxf2+ 15. Kh1 c6 16. Qf3 Bb6 17. Ne3 Nxe3 18. Bxe3 Bc7 19. Rh5 Bxb3 20. axb3 Qxd3 21. Qxc6 Qxe3 22.
Qxc7 Qe2 23. Rf5 Qxb2 24. Raf1 Qxb3 25. h3 Rac8 26. Qb7 Rxc3 27. Qxa6 b4 28. R1f4 Qd1+ 29. Kh2 b3 30. Rg4 Kh7 31. Rxg7+ Kxg7 32. Qf6+ Kh7 33.
Qxc3 Qd6+ 34. Kg1 Qb6+ 35. Kh2 b2 36. Rf6 b1=Q 37. Rxb6 Qxb6 38. Qd3+ Qg6 39. Qc3 Rg8 40. Qd2 h5 41. Kh1 h4 42. Qf2 Qxg2+ 43. Qxg2 Rxg2 44.
Kxg2 Kg6 45. Kf2 Kf5 46. Kf3 Kg5 47. Ke4 Kg6 48. Kf4 f5 49. Ke3 Kf7 50. Kf4 Kf6 51.
Kf3 Ke5 52. Ke3 f4+ 53. Kf3 Kf5 54. Kf2 Ke4 55. Ke2 f3+ 56. Kf2 Kf4 57. Kf1 Kg3 58. Kg1 Kxh3 59. Kf2 Kg4 60. Kg1 Kg3 61. Kf1 h3 62.
Kg1 h2+ 63. Kh1 Kf4 64. Kxh2 Ke3 65. Kg1 Ke2 66. Kh2 f2 67. Kg3 f1=Q 0-1

[Event "Late-Titled-Tuesday-Blitz-June-18-2024"]
[Site "Chess.com"]
[Date "2024.06.18"]
[Round "2"]
[White "Hrant_ChessMood"]
[Black "ArmanGhevondyanchess"]
[Result "1-0"]
[WhiteElo "2894"]
[BlackElo "2593"]
[TimeControl "180+1"]
[EndTime "14:20:01 PDT"]
[Termination "Hrant_ChessMood won by resignation"]

1. c4 Nf6 2. g3 c5 3. Bg2 g6 4.
Nc3 Bg7 5. Nf3 O-O 6. d4 cxd4 7.
Nxd4 Nc6 8. O-O Nxd4 9. Qxd4 d6 10. Qd3 Rb8 11. Be3 a6 12. Ba7 Ra8 13. Bd4 Bf5 14.
Qd2 Rb8 15. a4 Qc8 16. b3 Bh3 17. Bxf6 Bxf6 18. Nd5 Bxg2 19. Nxf6+ exf6 20. Kxg2 Qc6+ 21. Kg1 b5 22. cxb5 axb5 23. a5 b4 24. Rfd1 Rfd8 25.
Ra4 Qc3 26. Qd5 Qc5 27. a6 Qxd5 28. Rxd5 Rd7 29. a7 Ra8 30. Rda5 Rb7 31. Kg2 Kf8 32.
Kf3 Ke7 33. Ke4 Ke6 34. Kd4 f5 35. Ra6 h5 36. h4 Rc7 37. R4a5 f6 38. e3 Rb7 39.
Ra4 Rc7 40. Ra2 Rb7 41. Kd3 Rc7 42. Kd2 Rb7 43. R2a4 Rc7 44. Rxb4 Raxa7 45. Rxa7 Rxa7 46.
Ra4 Rb7 47. b4 g5 48. Kc3 Ke5 49. f3 f4 50. Ra5+ d5 51. exf4+ gxf4 52. gxf4+ Kxf4 53. Rxd5 Kxf3 54. Rxh5 Kg4 55. Rh8 f5 56. h5 f4 57. h6 Kh5 58. h7 Kh6 59. Rf8 Kxh7 60. Rxf4 Kg6 61. Kc4 Kg5 62. Rf1 Rc7+ 63. Kb5 Rc1 64.
Rxc1 1-0

[Event "Late-Titled-Tuesday-Blitz-June-18-2024"]
[Site "Chess.com"]
[Date "2024.06.18"]
[Round "2"]
[White "nitpicker"]
[Black "Sanyura"]
[Result "1/2-1/2"]
[WhiteElo "2350"]
[BlackElo "2527"]
[TimeControl "180+1"]
[EndTime "14:20:01 PDT"]
[Termination "Game drawn - insufficient material"]

1. d4 Nf6 2. c4 g6 3. Nc3 Bg7 4. e4 d6 5. Be2 O-O 6. Nf3 e5 7. O-O Nc6 8. d5 Ne7 9. a4 Nh5 10. g3 a5 11. Ne1 f5 12. Bxh5 gxh5 13. Qxh5 Ng6 14. Qe2 fxe4 15. Nxe4 Bf5 16. f3 Qd7 17. Nd3 h6 18. Rd1 Rf7 19. c5 Raf8 20. cxd6 cxd6 21.
b3 Ne7 22. Ba3 Nxd5 23. Rac1 Bxe4 24. fxe4 Ne7 25. Nb2 Rf3 26. Bxd6 Qg4 27. Rc2 Nc6 28. Bxf8 Bxf8 29. Kg2 Rf4 30. Qxg4+ Rxg4 31. Kf3 Rg6 32. Rcd2 Bc5 33. Nd3 Bd4 34. Nf2 Rd6 35. Kg2 Kg7 36. Ng4 Rg6 37. Nf2 Rd6 38. Ng4 Re6 39. h4 h5 40. Nh2 Rg6 41. Nf3 Be3 42. Rd7+ Kh6 43. Rxb7 Nd4 44. Nxd4 exd4 45. Rd3 Rc6 46. Rd7 Rc2+ 47.
Kf1 Rf2+ 48. Ke1 Rb2 49. R7xd4 Bxd4 50. Rxd4 Rxb3 51. Rd6+ Kg7 52. Rd7+ Kf6 53. Rd5 Rxg3 54. Rxh5 Rg4 55. Rxa5 Rxe4+ 56. Kd2 Rxh4 57. Kc3 Ke6 58.
Kb3 Kd6 59. Ra6+ Kc5 60. Ra8 Kb6 61. Rb8+ Ka5 62. Rb5+ Ka6 63. Rb4 Rh1 64. Kc4 Ka5 65. Rb5+ Kxa4 66. Re5 Rc1+ 67. Kd5 Kb4 68. Ke6 Rc4 69.
Kf5 Kc3 70. Re4 Rxe4 71. Kxe4 1/2-1/2

[Event "Late-Titled-Tuesday-Blitz-June-18-2024"]
[Site "Chess.com"]
[Date "2024.06.18"]
[Round "2"]
[White "legendisback1"]
[Black "ozates"]
[Result "1/2-1/2"]
[WhiteElo "3013"]
[BlackElo "2632"]
[TimeControl "180+1"]
[EndTime "14:20:04 PDT"]
[Termination "Game drawn by repetition"]

1. a3 e5 2. c4 Nf6 3. d3 c6 4. Nf3 Bd6 5. b4 Bc7 6. Bb2 d6 7. Nbd2 O-O 8. g3 Nbd7 9. Bg2 Re8 10. O-O a6 11. Rc1 Nf8 12. Nb3 Ng6 13. e4 h5 14. h4 Bg4 15. Re1 d5 16. cxd5 cxd5 17. Qc2 Bb6 18. Nc5 Rc8 19. Ng5 Nd7 20. exd5 Nxc5 21. bxc5 Bxc5 22. Qb3 b5 23. d6 Qf6 24. Ne4 Bxf2+ 25. Nxf2 Qxd6 26. Nxg4 hxg4 27. Rxc8 Rxc8 28. h5 Ne7 29. Rxe5 Nc6 30. Rg5 Nd4 31. Bxd4 Qxd4+ 32. Kh2 Rc1 33. Rxg4 Qxg4 34. Qd5 Rc8 35. Qe5 Qe6 36. Qd4 a5 37. Qf2 b4 38. Bh3 Qc6 39. Bxc8 Qxc8 40. axb4 axb4 41. Qb6 Qc2+ 42. Kh3 b3 43. Qd8+ Kh7 44.
Qd5 Qc8+ 45. Kh4 b2 46. Qb5 Qd8+ 47. Kh3 Qc8+ 48. g4 Qc2 49. Qf5+ Kg8 50. Qe4 b1=Q 51. Qe8+ Kh7 52. Qe4+ g6 53. hxg6+ Kg7 54. Qe5+ Kxg6 55. Qf5+ Kg7 56. Qg5+ Kh7 57. Qh5+ Kg8 58. Qg5+ Kh8 59. Qh5+ Kg8 60. Qg5+ Kf8 61. Qd8+ Kg7 62. Qg5+ Kh7 63. Qh5+ Kg8 1/2-1/2

[Event "Late-Titled-Tuesday-Blitz-June-18-2024"]
[Site "Chess.com"]
[Date "2024.06.18"]
[Round "2"]
[White "Dr_troll"]
[Black "Duhless"]
[Result "0-1"]
[WhiteElo "2646"]
[BlackElo "3108"]
[TimeControl "180+1"]
[EndTime "14:20:05 PDT"]
[Termination "Duhless won by resignation"]

1. d4 Nf6 2. Nf3 g6 3. c4 Bg7 4. g3 O-O 5. Bg2 d6 6. Nc3 a5 7. O-O Bf5 8. Nh4 Bc8 9. e4 e5 10. Nf3 Nc6 11. h3 Re8 12. Be3 exd4 13. Nxd4 Ne5 14. b3 Bd7 15. Qc2 Qc8 16. Kh2 a4 17. Rad1 axb3 18. axb3 h5 19. Bg5 Nh7 20. Be3 h4 21. g4 Bxg4 22. hxg4 Nxg4+ 23. Kg1 h3 24. Bf3 Nxe3 25. fxe3 c6 26. Qe2 Qd8 27. Kh1 Qh4 28.
Rg1 Kh8 29. Rg4 Qh6 30. Qf2 Bf6 31. Be2 Ra5 32. Rf1 Re7 33. Rf4 Bg5 34. Rxf7 Bxe3 35. Qf3 Rae5 36. Rxe7 Rxe7 37. Nc2 Bd2 38. Nd1 Ng5 39.
Qf8+ Qxf8 40. Rxf8+ Kg7 41. Rf1 Nxe4 42. Kh2 Nc5 43. Bf3 Nxb3 44. Kxh3 Na5 45. Na3 Bb4 46. Nc2 Bc5 47. Nb2 Nb3 48. Nd3 Nd2 49. Nxc5 Nxf1 50. Ne4 d5 51. cxd5 cxd5 52. Nc3 Rc7 53. Nxd5 Rxc2 54. Nf4 Rc3 55. Kg2 Ne3+ 56. Kf2 b5 57. Ne6+ Kh6 58. Nd4 b4 59. Nb5 Rb3 60. Nd4 Ra3 61.
Nb5 Nc4 62. Nxa3 bxa3 0-1

[Event "Late-Titled-Tuesday-Blitz-June-18-2024"]
[Site "Chess.com"]
[Date "2024.06.18"]
[Round "2"]
[White "slidingknight2775"]
[Black "drragnar1"]
[Result "0-1"]
[WhiteElo "2698"]
[BlackElo "2408"]
[TimeControl "180+1"]
[EndTime "14:20:08 PDT"]
[Termination "drragnar1 won by checkmate"]

1. d4 Nf6 2. c4 c5 3. d5 e5 4. Nc3 d6 5. e4 Be7 6. Nf3 O-O 7.
Be2 Ne8 8. O-O Nd7 9. a3 g6 10. Ne1 Bg5 11. Nd3 Ng7 12. g3 Bxc1 13. Qxc1 f5 14. f4 exf4 15. Rxf4 Re8 16. Qd2 Ne5 17.
Nxe5 Rxe5 18. Raf1 Bd7 19. Bd3 Qe7 20. Qf2 Re8 21. Qg2 Nh5 22. R4f2 Ng7 23. Rf4 h6 24. R4f2 b6 25. Bb1 fxe4 26. Bxe4 Bf5 27. Bxf5 Nxf5 28.
Qh3 Kg7 29. g4 Nd4 30. Rf7+ Qxf7 31. Rxf7+ Kxf7 32. Qxh6 Rg8 33. Qf4+ Kg7 34. Qg3 Rf8 35. Qd3 Rf3 36. Qb1 Rfe3 37. h3 Re1+ 38. Qxe1 Rxe1+ 39. Kf2 Rc1 40. Kg3 Rc2 41. Ne4 Rxc4 42. Nxd6 Rc2 43. Ne8+ Kf8 44. Nc7 Rxb2 45. d6 Nc6 46.
Ne6+ Kf7 47. Ng5+ Ke8 48. Ne4 Kd7 49. Kh4 Re2 50. Kg5 Rxe4 51. Kxg6 Kxd6 52. g5 Ne5+ 53.
Kh5 c4 54. g6 Nxg6 55. Kg5 c3 56. Kf5 Rh4 57. Kg5 Rxh3 58. a4 c2 59. a5 c1=Q+ 60.
Kf6 Qf4+ 61. Kg7 Qf8+ 62. Kxg6 Rg3+ 63. Kh7 Qg7# 0-1

[Event "Late-Titled-Tuesday-Blitz-June-18-2024"]
[Site "Chess.com"]
[Date "2024.06.18"]
[Round "2"]
[White "urano56"]
[Black "Stanbad1"]
[Result "1/2-1/2"]
[WhiteElo "2397"]
[BlackElo "2704"]
[TimeControl "180+1"]
[EndTime "14:20:09 PDT"]
[Termination "Game drawn by repetition"]

1. d4 Nf6 2. c4 c5 3. d5 b5 4.
cxb5 a6 5. Nc3 axb5 6. Nxb5 d6 7. e3 g6 8. Nf3 Bg7 9. Bd3 O-O 10. Nc3 Na6 11. O-O Nc7 12. e4 e6 13. dxe6 Bxe6 14.
Bg5 Qb8 15. Qd2 d5 16. e5 Nd7 17. Rfe1 d4 18. Ne4 Nd5 19. Rac1 Rc8 20. Nd6 Rc7 21. Nc4 Rxa2 22. Bh6 Nb4 23. Bxg7 Kxg7 24.
Bb1 Ra6 25. h4 Nb6 26. Nd6 N6d5 27. h5 Qd8 28. Nxd4 cxd4 29. Rxc7 Nxc7 30. Qxb4 Nd5 31. Qxd4 Qg5 32. hxg6 hxg6 33. Be4 Nf4 34. Ne8+ Kf8 35. Nf6 Kg7 36. Bf3 Qh6 37. Qd8 Qh8 38. Ne8+ Kh7 39. Qh4+ Nh5 40. Nf6+ Kg7 41. Bxh5 gxh5 42. Qg5+ Kf8 43.
Rd1 Ra8 44. f3 h4 45. Kh2 h3 46. g4 Qg7 47. Qxg7+ Kxg7 48. Nh5+ Kg6 49. Nf4+ Kg5 50. Nxe6+ fxe6 51. Kxh3 Rb8 52. Rd2 Kf4 53. Rd3 Rxb2 54. g5 Kxg5 55. Kg3 Kf5 56. f4 Re2 57. Rf3 Ra2 58. Rb3 Rc2 59. Rf3 Ra2 60. Re3 Rb2 61. Rf3 Re2 62. Rd3 Rc2 63. Kf3 Rh2 64. Kg3 Re2 65.
Kf3 Ra2 66. Kg3 Ra4 67. Rf3 Ra2 1/2-1/2

[Event "Late-Titled-Tuesday-Blitz-June-18-2024"]
[Site "Chess.com"]
[Date "2024.06.18"]
[Round "2"]
[White "rasmussvane"]
[Black "pompey831"]
[Result "1-0"]
[WhiteElo "2979"]
[BlackElo "2517"]
[TimeControl "180+1"]
[EndTime "14:20:10 PDT"]
[Termination "rasmussvane won on time"]

1. Nf3 f5 2. d3 d6 3. e4 Nc6 4. exf5 Bxf5 5. d4 Nf6 6. Bb5 a6 7. Ba4 b5 8. Bb3 Na5 9. O-O g6 10. Re1 Nxb3 11. axb3 Bg7 12. h3 O-O 13. Nbd2 Qd7 14.
Nf1 h6 15. Ng3 Rf7 16. Nxf5 gxf5 17. d5 c6 18. dxc6 Qxc6 19. Nd4 Qd5 20. Ne6 Qxd1 21. Rxd1 Nd7 22. c3 Nc5 23. Nxc5 dxc5 24. Be3 Rc8 25. Rxa6 f4 26. Bc1 b4 27. Rd3 Rf5 28. Bd2 Rb8 29.
cxb4 cxb4 30. Ra4 Bxb2 31. Rxb4 Rxb4 32. Bxb4 Kf7 33. Kf1 Rb5 34. Bd2 e5 35. f3 Ke6 36.
Ke2 Rb7 37. b4 h5 38. Rd8 Rg7 39. Kf1 Rc7 40. Ke2 Rg7 41. Kf1 Rc7 42. Rd3 Rc8 43. Rb3 Bd4 44. b5 Kd5 45. b6 Rb8 46. b7 Kc6 47. Ke2 Bb6 48. Kd3 Rxb7 49. Ke4 Rd7 50. Bc3 Bc7 51. Rb2 Rg7 52. Kf5 Kd5 53. Rd2+ Kc4 54.
Bxe5 Bxe5 55. Kxe5 Kc3 56. Ra2 Rf7 57. h4 Kd3 58.
Ra3+ Ke2 59. Ke4 Kf2 60. Ra5 Kxg2 61. Rxh5 Kg3 62. Re5 Kxh4 63. Rf5 Rc7 64. Kxf4 Rc4+ 65. Ke3 Ra4 66. Kf2 Rb4 67. Ke3 Ra4 68. Rf4+ 1-0

[Event "Late-Titled-Tuesday-Blitz-June-18-2024"]
[Site "Chess.com"]
[Date "2024.06.18"]
[Round "2"]
[White "PapaieDudu"]
[Black "kylelancman"]
[Result "1-0"]
[WhiteElo "2367"]
[BlackElo "2549"]
[TimeControl "180+1"]
[EndTime "14:20:10 PDT"]
[Termination "PapaieDudu won by checkmate"]

1. Nf3 Nf6 2. d4 d5 3. c4 e6 4. Nc3 c5 5. Bg5 dxc4 6. e3 Nc6 7.
dxc5 Qa5 8. Bxc4 Ne4 9. O-O Nxg5 10. Nxg5 Qxc5 11. Nb5 Na5 12. Ne4 Qc6 13. Rc1 Nxc4 14. Nbd6+ Bxd6 15. Rxc4 Qd5 16. Rd4 Bxh2+ 17. Kxh2 Qe5+ 18.
f4 Qa5 19. Nd6+ Ke7 20. Nxb7 Bxb7 21. Rd7+ Kf6 22. Qd4+ Kg6 23. Rxb7 Qh5+ 24. Kg3 Rhd8 25. Qe4+ Qf5 26. Qf3 Rd3 27. Rb3 Rad8 28. Rc1 h5 29. Rcc3 Rxc3 30. Rxc3 Rd2 31. e4 Qg4+ 32. Qxg4+ hxg4 33. Rb3 f5 34. e5 Rd4 35. Rb7 Rd3+ 36. Kh4 Rd2 37. Kg3 Rd3+ 38. Kh2 g3+ 39. Kh3 Rd4 40. Rxa7 Rd3 41. Ra4 Re3 42. Rb4 Kh5 43. a4 g5 44.
fxg5 f4 45. Rxf4 Rxe5 46. Kxg3 Rxg5+ 47. Kf3 Rc5 48. Kg3 Kg5 49. Rf3 e5 50. Ra3 e4 51. a5 Rc7 52. a6 Ra7 53. Kf2 Kf4 54. b4 Rc7 55. Ra2 e3+ 56. Ke2 Ke4 57. a7 Rf7 58.
a8=Q+ Kd4 59. Qf3 Rc7 60. Qxe3+ Kd5 61. Rd2+ Kc6 62. Qc5+ Kb7 63. Qb5+ Kc8 64. Qa6+ Kb8 65. Rd8+ Rc8 66. Rxc8# 1-0

[Event "Late-Titled-Tuesday-Blitz-June-18-2024"]
[Site "Chess.com"]
[Date "2024.06.18"]
[Round "2"]
[White "JAN2404"]
[Black "Hakiki_satranc"]
[Result "1/2-1/2"]
[WhiteElo "2075"]
[BlackElo "2440"]
[TimeControl "180+1"]
[EndTime "14:20:10 PDT"]
[Termination "Game drawn by repetition"]

1. e4 d5 2. exd5 Qxd5 3. Nc3 Qd8 4. d4 Nf6 5. Nf3 g6 6. Bc4 Bg7 7. O-O O-O 8. Re1 a6 9. Bf4 e6 10. Qd2 Nc6 11. Bb3 Ne7 12. Ne5 b6 13. Bh6 Bb7 14. Rad1 Nf5 15. Bxg7 Kxg7 16. d5 exd5 17. Nxd5 Nxd5 18.
Bxd5 Bxd5 19. Qxd5 Qxd5 20. Rxd5 Rad8 21. Red1 Rxd5 22. Rxd5 Re8 23. g4 Nh4 24. f4 g5 25.
Rd7 gxf4 26. Nxf7 Re2 27. Rxc7 Kg6 28. Nd6 f3 29. Nf5 Nxf5 30. gxf5+ Kxf5 31. Rxh7 Rg2+ 32.
Kf1 Rxc2 33. Rf7+ Ke4 34. Re7+ Kf4 35. Rf7+ Ke4 36. Re7+ Kd4 37. Rd7+ Ke3 38. Re7+ Kd2 39. Kf2 Kc1+ 40. Kxf3 Rxh2 41. b4 Kb2 42. Re6 Kc3 43.
a3 Ra2 44. Rxb6 Rxa3 45. Ke3 Kc4+ 46. Kd2 Ra4 47. Kc2 Ra2+ 48. Kb1 Ra4 49. Rc6+ Kxb4 50.
Rb6+ Ka5 51. Rb2 Rc4 52. Ka1 Rc5 53. Ka2 Ka4 54. Rb8 a5 55. Rb7 Rc2+ 56. Kb1 Rc4 57. Ka2 Rb4 58. Ra7 Rb5 59. Ra6 Kb4 60. Ra8 Rc5 61. Kb2 a4 62. Rb8+ Rb5 63. Ra8 Kc4+ 64. Ka2 Kb4 65. Ra7 Rb6 66. Ra8 Re6 67. Rb8+ Ka5 68. Ra8+ Kb4 69. Rb8+ Ka5 70. Ra8+ Kb4 1/2-1/2

[Event "Late-Titled-Tuesday-Blitz-June-18-2024"]
[Site "Chess.com"]
[Date "2024.06.18"]
[Round "2"]
[White "HansOnTwitch"]
[Black "yaguigor"]
[Result "1-0"]
[WhiteElo "3135"]
[BlackElo "2650"]
[TimeControl "180+1"]
[EndTime "14:20:12 PDT"]
[Termination "HansOnTwitch won on time"]

1. e4 c5 2. Nf3 Nc6 3. Bb5 g6 4.
Bxc6 bxc6 5. O-O Bg7 6. Re1 Nh6 7. c3 O-O 8. d4 cxd4 9. cxd4 d5 10. e5 f6 11. h3 fxe5 12. Nxe5 Qb6 13. Na3 Nf5 14. Nc2 c5 15. dxc5 Qxc5 16. Bf4 e6 17. Rc1 Qb6 18.
b3 a5 19. Qd2 Ra7 20. Ng4 h5 21. Ne5 Kh7 22. Nf3 Re7 23. Be5 Bh6 24. Ng5+ Kg8 25.
Kh2 Bb7 26. f4 Bxg5 27. fxg5 Ref7 28. Bf6 Rc8 29. Qf4 Rfc7 30. Qd2 d4 31. Be5 Rc6 32. Na3 Rxc1 33. Rxc1 Rxc1 34. Qxc1 Qc6 35. Qxc6 Bxc6 36. Nc4 a4 37. bxa4 Bxa4 38. Bf4 d3 39. Ne5 Bb5 40. Nxg6 Kf7 41. Ne5+ Ke8 42. Kg1 Nd4 43. Kf2 Ne2 44. Bd2 Nd4 45. g4 hxg4 46. Nxg4 Nf5 47. Ne5 Nh4 48. Kg3 Nf5+ 49. Kg4 Nd6 50. Kf4 Nf7 51. h4 Nxe5 52. Kxe5 Kf7 53. h5 Bc4 54.
a4 Kg7 55. a5 Kh7 56. Bc3 Kg8 57. g6 Kg7 58. Bd2 Bb5 59. Kf4 Bc4 60. Kg5 Bb5 61. h6+ Kg8 62. h7+ 1-0

[Event "Late-Titled-Tuesday-Blitz-June-18-2024"]
[Site "Chess.com"]
[Date "2024.06.18"]
[Round "2"]
[White "BardArtem"]
[Black "Slovak_fighter2000"]
[Result "1-0"]
[WhiteElo "2859"]
[BlackElo "2581"]
[TimeControl "180+1"]
[EndTime "14:20:12 PDT"]
[Termination "BardArtem won on time"]

1. e4 e6 2. d4 d5 3. Nc3 Nf6 4. Qd3 dxe4 5. Nxe4 Nbd7 6. Nf3 b6 7.
Nxf6+ Nxf6 8. Qb5+ Bd7 9. Qb3 Bd6 10. Bd3 O-O 11. O-O c5 12. dxc5 Bxc5 13. Bg5 h6 14. Bh4 Bc6 15. Bb5 Bxb5 16. Qxb5 Qd5 17. c4 Qf5 18. b4 Be7 19. Qxf5 exf5 20. Nd4 Bxb4 21. Bxf6 gxf6 22. Nxf5 Kh7 23. Rfd1 Rad8 24. Kf1 Rfe8 25. Ne3 Bc5 26. Nd5 Kg7 27. Rd3 Re5 28. a4 Rde8 29. Rg3+ Rg5 30. Rf3 Re4 31. Rc1 Re6 32. g3 Rge5 33. Kg2 Re2 34. Nf4 Ra2 35. Nxe6+ fxe6 36. Rd1 Rxa4 37. Rd7+ Kg6 38. h4 h5 39. Rc7 a5 40.
Rc6 Kf7 41. Rc7+ Kg6 42. Rf4 e5 43. Rf3 Rxc4 44. Rc6 a4 45. Rcxf6+ Kg7 46. Rf7+ Kg8 47. Ra7 a3 48. Rf5 Rc2 49. Rg5+ Kf8 50. Rxh5 Rxf2+ 51. Kh3 Kg8 52. Rxe5 a2 53. Re8+ Bf8 54. Rea8 Rf3 55.
Rxa2 Kf7 56. R2a7+ Ke6 57. Re8+ Be7 58. Raxe7+ 1-0

[Event "Late-Titled-Tuesday-Blitz-June-18-2024"]
[Site "Chess.com"]
[Date "2024.06.18"]
[Round "2"]
[White "Individoom"]
[Black "maximnovik"]
[Result "0-1"]
[WhiteElo "2807"]
[BlackElo "2580"]
[TimeControl "180+1"]
[EndTime "14:20:13 PDT"]
[Termination "maximnovik won by resignation"]

1. d4 Nf6 2. Nf3 g6 3. Bf4 Bg7 4. e3 d6 5. h3 O-O 6. Be2 b6 7. O-O c5 8. c3 Ba6 9. Bxa6 Nxa6 10. a4 Qc8 11. Na3 Qb7 12. Nd2 Nc7 13. Re1 a6 14. Qe2 Ne6 15. Bh2 Nd7 16. Rec1 Rfb8 17. b4 cxb4 18. cxb4 Rc8 19. b5 a5 20. Qf3 Qxf3 21. gxf3 Kf8 22. Rc6 Nd8 23. Rcc1 Ke8 24. Nac4 f5 25. Bxd6 Rxc4 26. Nxc4 exd6 27. Nxd6+ Ke7 28.
Nc8+ Ke6 29. Rc7 Rb8 30. Rac1 Bf8 31. e4 Nf6 32. Re1 Bb4 33. Re2 f4 34. Rec2 g5 35.
Na7 Bd6 36. R7c4 Be7 37. Rc7 Ne8 38. R7c4 h5 39. Nc6 Nxc6 40. Rxc6+ Kf7 41. Rh6 Rd8 42. d5 Bc5 43. Kg2 Kg7 44. Rc6 Nd6 45. Rd2 Kf6 46.
Re2 Ke5 47. Rc7 Re8 48. Rg7 Kf6 49. Rh7 Nc4 50. Rh6+ Kg7 51. Rc6 Ne5 52. Rc7+ Kf6 53. Rc2 g4 54. hxg4 hxg4 55. fxg4 f3+ 56. Kg3 Bd6 57.
R2c6 Nxc6+ 58. Kxf3 Bxc7 59. dxc6 Ke5 60. Ke3 Rf8 61.
f3 Bd6 62. g5 Ke6 63. g6 Bf4+ 64. Kd4 Rd8+ 65. Kc4 Kf6 0-1

[Event "Late-Titled-Tuesday-Blitz-June-18-2024"]
[Site "Chess.com"]
[Date "2024.06.18"]
[Round "2"]
[White "Abund"]
[Black "madmax011"]
[Result "0-1"]
[WhiteElo "2671"]
[BlackElo "2402"]
[TimeControl "180+1"]
[EndTime "14:20:14 PDT"]
[Termination "madmax011 won by checkmate"]

1. b3 Nf6 2. Bb2 g6 3. g3 Bg7 4. Bg2 O-O 5. c4 c6 6. Nf3 d5 7. O-O Bf5 8. d3 Re8 9. Nbd2 Nbd7 10. Nh4 Bg4 11. h3 Be6 12. a3 Nf8 13. Rc1 Qd7 14. Kh2 Rac8 15. Rc2 Bf5 16. Qa1 Red8 17. Ndf3 Qc7 18.
Nxf5 gxf5 19. Nh4 Qd7 20. Rfc1 d4 21. c5 Ng6 22. Nf3 e5 23. b4 Qe6 24. Ng5 Qe7 25. Nf3 f4 26. Re1 fxg3+ 27. fxg3 Nd5 28. Bc1 Re8 29. Ng5 h6 30. Ne4 Rcd8 31. Nd6 Rf8 32. Nf5 Qe6 33. Nxh6+ Kh7 34. Ng4 f5 35. Nf2 f4 36. g4 Ne3 37. Qa2 Qe7 38. Ne4 Qh4 39.
Bxe3 fxe3 40. Rh1 Bh6 41. Qb1 Rf2 42. g5 Bxg5 43. Nxg5+ Qxg5 44. Rg1 Nf4 45. Kh1 Rxg2 46. Qf1 Rg8 47. Rxg2 Qxg2+ 48. Qxg2 Rxg2 49. a4 Rxe2 50. Rc1 Nxd3 51. Rf1 Nf2+ 52. Kg2 Ne4+ 53. Kf3 Rf2+ 54. Rxf2 Nxf2 55. Ke2 e4 56. b5 Nxh3 57. b6 a6 58.
a5 Nf4+ 59. Ke1 Kg6 60. Kd1 Kg5 61. Ke1 Kg4 62. Kf1 Kf3 63. Kg1 e2 64. Kh2 Ne6 65. Kh3 e1=Q 66. Kh2 Qg3+ 67. Kh1 Qg2# 0-1

[Event "Late-Titled-Tuesday-Blitz-June-18-2024"]
[Site "Chess.com"]
[Date "2024.06.18"]
[Round "2"]
[White "FuenfgegenWilly"]
[Black "aranibos"]
[Result "1-0"]
[WhiteElo "2505"]
[BlackElo "2276"]
[TimeControl "180+1"]
[EndTime "14:20:15 PDT"]
[Termination "FuenfgegenWilly won by resignation"]

1. e4 c6 2. Nc3 d5 3. Qe2 d4 4.
Nd1 c5 5. d3 Nc6 6. f4 g6 7.
Nf3 Bg7 8. g3 Bg4 9. Nf2 Bxf3 10. Qxf3 e6 11. Bg2 Nge7 12. O-O Qb6 13. h3 O-O 14. e5 f5 15. exf6 Bxf6 16. Ne4 Bg7 17. b3 Nd5 18. Qe2 Rae8 19. Nd6 Re7 20. Nc4 Qc7 21. Bd2 b5 22. Na5 Nxa5 23. Bxa5 Qd7 24. Bd2 b4 25. a3 Nc3 26. Bxc3 bxc3 27. Qe4 Kh8 28. g4 Rfe8 29. a4 a5 30. Rae1 e5 31.
f5 gxf5 32. Rxf5 Rf7 33. Ref1 Rxf5 34. Rxf5 Qe7 35. g5 Rf8 36. h4 Rxf5 37. Qxf5 Qf8 38.
Qe6 h6 39. Be4 Qf4 40. Qe8+ Bf8 41. Qh5 Qg3+ 42. Bg2 Qe3+ 43. Kh1 Qe1+ 44. Kh2 Qe3 45. gxh6 Bxh6 46. Qe8+ Kg7 47. Qe7+ Kh8 48. Qf6+ Kh7 49. Be4+ Kg8 50. Qg6+ Bg7 51. Qe8+ Bf8 52. Qe6+ Kh8 53. Qxe5+ Bg7 54. Qh5+ Kg8 55. Qe8+ Bf8 56. Qg6+ Bg7 57. Qh7+ Kf8 58. Qf5+ Ke7 59. Qxc5+ Kd8 60. Qg5+ Kc8 61. Qxe3 dxe3 62. Kg3 e2 63. Kf2 Kd7 64. Kxe2 Bd4 65. h5 Ke6 66. Kf3 Kf7 67. Bg6+ Kg7 68. Ke4 Bf6 69. d4 Kh6 70. Kd3 Be7 71. Kxc3 Bb4+ 72. Kc4 Kg5 73. c3 Be7 74. b4 1-0